 Dungeon Crawl Stone Soup version 0.25-a0-578-gc91f01c39c (webtiles) character file.

Game seed: 357254463240365157, levelgen mode: classic

234 EnegeticOcto the Chopper (level 5, 0/50 HPs)
             Began as a Deep Dwarf Fighter on Mar 3, 2020.
             Slain by an ogre
             ... wielding a +0 giant club
              (23 damage)
             ... on level 4 of the Dungeon.
             The game lasted 00:00:46 (652 turns).

EnegeticOcto the Chopper (Deep Dwarf Fighter)        Turns: 652, Time: 00:00:46

Health: 0/50       AC: 10    Str: 20    XL:     5   Next: 75%
Magic:  4/4        EV:  5    Int:  9    God:
Gold:   49         SH:  9    Dex: 12    Spells: 4/4 levels left

rFire    . . .     SeeInvis .   a - +0 war axe
rCold    . . .     Gourm    .   c - +0 kite shield
rNeg     . . .     Faith    .   j - +0 chain mail
rPois    .         Spirit   .   (no helmet)
rElec    .         Reflect  .   m - +0 cloak
rCorr    .         Harm     .   (no gloves)
MR       +....                  (no boots)
Stlth    ..........             (no amulet)
HPRegen  0.00/turn              l - ring of protection from magic
MPRegen  0.09/turn              (no ring)

@: non-regenerating
A: damage resistance, heal wounds, sense surroundings 1, no regeneration
a: Heal Wounds


You were on level 4 of the Dungeon.
You were not hungry.

You visited 1 branch of the dungeon, and saw 4 of its levels.

You collected 49 gold pieces.

Inventory:

Hand Weapons
 a - a +0 war axe (weapon)
Armour
 b - a +0 scale mail
 c - a +0 kite shield (worn)
 j - a +0 chain mail (worn)
 m - a +0 cloak (worn)
Jewellery
 l - a ring of protection from magic (left hand)
Scrolls
 d - a scroll of identify {unknown}
 n - a scroll of remove curse {unknown}
 p - a scroll of amnesia {unknown}
Potions
 f - a potion of mutation {unknown}
 h - a potion of curing {unknown}
 i - 2 potions of haste {unknown}
 k - a potion of might {@q3}
 o - 2 potions of flight {unknown}
Comestibles
 e - a ration
 g - 5 chunks of flesh


   Skills:
 * Level 4.1 Fighting
 * Level 4.2 Axes
 + Level 4.1 Armour
 + Level 4.1 Shields


You had 4 spell levels left.
You didn't know any spells.
Your spell library was empty.

Dungeon Overview and Level Annotations

Branches:
Dungeon (4/15)
 Temple: D:4-7

Altars:
Xom

Annotations:
D:4 1 transporter, Flugslaktarn's ghost, amateur MiFi


Innate Abilities, Weirdness & Mutations

You are resistant to damage.
You can heal yourself by infusing magical energy.
You passively map a small area around you.
You do not regenerate.


Message History

a +0 scythe; a +0 robe; the human corpse of Sigmund You fail to use your ability.
Things that are here:
a +0 dagger; a +0 robe You butcher the human corpse of Sigmund.
g - 4 chunks of flesh (gained 1)
Things that are here:
a +0 scythe; a +0 robe; the human skeleton of Sigmund
Things that are here:
a +0 scythe; a +0 robe; the human skeleton of Sigmund
Things that are here:
a +0 club; a +0 leather armour You butcher the adder corpse.
g - 6 chunks of flesh (gained 2)
You see here an adder skeleton. x2
You butcher the orc corpse.
g - 7 chunks of flesh (gained 1)
Things that are here:
a +0 mace; an orc skeleton
Things that are here:
a +0 mace; an orc skeleton
Items here: )) [ † a +0 flail; a +0 leather armour; a +0 short sword; an orc corpse You butcher the orc corpse.
g - 8 chunks of flesh (gained 1)
Items here: )) [ ÷ a +0 flail; a +0 leather armour; a +0 short sword; an orc skeleton
Items here: )) [ ÷ a +0 flail; a +0 leather armour; a +0 short sword; an orc skeleton
Things that are here:
a +0 mace; an orc skeleton You see here an adder skeleton.
You now have 49 gold pieces (gained 10).
Found a falchion.
The crimson imp shouts, "Slither away, thou gleeking thigh-biting simpleton!"
The kobold shouts!
Flugslaktarn's ghost turns its malevolent gaze towards you.
Found a transporter.
You feel much better.
Found a war axe.
Some of the chunks of flesh in your inventory have rotted away.
Found a shimmering altar of Xom.
An orc comes into view. It is wielding a +0 hand axe.
The orc shouts!
Found a scroll labeled MOUNUK ANYRAPA.
The orc hits you but does no damage.
Found a stone staircase leading down.
You closely miss the orc. You block the orc's attack.
You hit the orc but do no damage. The orc hits you but does no damage.
You block the orc's attack.
You slash the orc!
You kill the orc!
No target in view!
No target in view!
No target in view!
No target in view!
No target in view!
No target in view!
p - a scroll labeled MOUNUK ANYRAPA A frilled lizard comes into view.
The frilled lizard hisses angrily.
A frilled lizard is nearby!
A frilled lizard is nearby!
A frilled lizard is nearby!
The frilled lizard bites you.
You slash the frilled lizard!
You kill the frilled lizard!
No target in view!
No target in view!
No target in view!
No target in view!
No target in view!
No target in view!
Found a stone staircase leading up.
There is a stone staircase leading up here.
An ogre comes into view. It is wielding a +0 giant club.
The ogre shouts!
The ogre hits you with a +0 giant club!!
You hit the ogre.
The ogre is lightly wounded.
The ogre hits you with a +0 giant club!
You are too injured to fight recklessly!
You are too injured to fight recklessly!
You are too injured to fight recklessly!
You are too injured to fight recklessly!
You are too injured to fight recklessly!
You are too injured to fight recklessly!
You are too injured to fight recklessly!
You are too injured to fight recklessly!
You are too injured to fight recklessly!
An ogre is nearby!
You feel much better.
Your chain mail prevents you from hitting the ogre.
The ogre is lightly wounded.
The ogre hits you with a +0 giant club!!
You hit the ogre.
The ogre is moderately wounded.
You block the ogre's attack.
The ogre hits you with a +0 giant club!!
You die...

, * , ..# * ###.# * ,
..#.# , * * #.#.# , ,*,
#.#.# , # , #.#.# * ,
...## #.#.#############
#....##.#.....<........
, *#..@..##############
,, ......O#### ,
##.##..* ,.... ,, #....
* * #####*


You could see an ogre.

Vanquished Creatures
  Sigmund (D:4)
  An orc wizard (D:4)
  An adder (D:4)
  2 worms (D:2)
  A leopard gecko (D:1)
  6 orcs (D:4)
  A giant cockroach (D:2)
  A hobgoblin (D:1)
  A quokka (D:4)
  3 bats (D:1)
  3 frilled lizards
  4 kobolds
  2 rats
27 creatures vanquished.

Notes
Turn   | Place    | Note
-------+----------+-------------------------------------------
     0 | D:1      | EnegeticOcto the Deep Dwarf Fighter began the quest for the
                  | Orb.
     0 | D:1      | Reached XP level 1. HP: 20/20 MP: 1/1
   261 | D:2      | Reached XP level 2. HP: 25/27 MP: 2/2
   468 | D:4      | Noticed Sigmund
   476 | D:4      | Reached XP level 3. HP: 27/34 MP: 3/3
   489 | D:4      | Reached XP level 4. HP: 37/42 MP: 4/4
   509 | D:4      | Killed Sigmund
   509 | D:4      | Reached XP level 5. HP: 23/50 MP: 4/4
   560 | D:4      | Found a transporter.
   560 | D:4      | Noticed Flugslaktarn's ghost (amateur MiFi)
   578 | D:4      | Found a shimmering altar of Xom.
   647 | D:4      | Noticed an ogre
   652 | D:4      | Slain by an ogre

Levels and vault maps discovered:
D:1:      kilobyte_arrival_exit_the_forest, layout_basic
D:2:      layout_basic, okawaru_gym_becter
D:3:      minmay_octagon_keep, layout_basic, minmay_fountain_box
D:4:      layout_basic, old_standard_altar, minmay_temple_entry_ruins,
          serial_shops, kennysheep_mini, first_ration,
          gammafunk_ghost_abyssal_escape, uniq_sigmund

Skill      XL: |  1  2  3  4 |
---------------+-------------+-----
Fighting       | 3 4 |  4.1
Axes           | 3 4 |  4.2
Armour         | 4 |  4.1
Shields        | 4 |  4.1

Action                   |  1- 3 |  4- 6 || total
-------------------------+-------+-------++-------
Melee: War axe           |    86 |    26 ||   112
 Abil: Heal Wounds       |     2 |     3 ||     5
Armor: Scale mail        |     7 |       ||     7
       Chain mail        |    42 |     8 ||    50
Dodge: Dodged            |    29 |     2 ||    31
Block: Kite shield       |    44 |     8 ||    52

Table legend:
 A = Non-vault XP
 B = Vault XP
 C = Vault XP percentage of total XP
 D = Non-vault monster count
 E = Vault monster count
 F = Vault count percentage of total count
                 A         B        C        D         E       F
            +---------+---------+-------+---------+---------+-------
      Total |     104 |     231 |  69.0 |      26 |       1 |   3.7
            +---------+---------+-------+---------+---------+-------
        D:1 |      11 |       0 |   0.0 |       8 |       0 |   0.0
        D:2 |      18 |       0 |   0.0 |       7 |       0 |   0.0
        D:3 |       1 |       0 |   0.0 |       1 |       0 |   0.0
        D:4 |      74 |     231 |  75.7 |      10 |       1 |   9.1
            +---------+---------+-------+---------+---------+-------
